 Dungeon Crawl Stone Soup version 0.22-a0-149-g870e420 (webtiles) character file.

167 mhoghedin the Conjurer (level 5, -4/28 HPs)
             Began as a Kobold Conjurer on Feb 7, 2018.
             Slain by a worm (11 damage)
             ... on level 3 of the Dungeon.
             The game lasted 00:08:00 (2938 turns).

mhoghedin the Conjurer (Kobold Conjurer)            Turns: 2938, Time: 00:08:01

Health: -4/28      AC:  2    Str:  5    XL:     5   Next: 76%
Magic:  1/11       EV: 15    Int: 23    God:
Gold:   171        SH:  4    Dex: 15    Spells: 2/12 levels left

rFire    + . .     SeeInvis .   d - +0 dagger
rCold    x . .     Gourm    .   (shield restricted)
rNeg     . . .     Faith    .   a - +0 robe
rPois    .         Spirit   .   (no helmet)
rElec    .         Reflect  +   (no cloak)
rCorr    .         Harm     .   (no gloves)
MR       +....                  (no boots)
Stlth    ++........             s - +4 amulet of reflection
HPRegen  0.09/turn              r - ring of protection from magic {MR+, !d}
MPRegen  0.12/turn              q - ring of fire {rF+, rC-}

@: brilliant
A: small, carnivore
a: no special abilities


You were on level 3 of the Dungeon.
You were very full.

You visited 1 branch of the dungeon, and saw 3 of its levels.
You also visited: Sewer.

You collected 171 gold pieces.

Inventory:

Hand Weapons
 d - a +0 dagger (weapon)
   (You took it off a kobold on level 1 of the Dungeon)
Armour
 a - a +0 robe (worn)
 n - a +0 pair of boots
   (You found it on level 2 of the Dungeon)
 p - a +0 pair of gloves
   (You found it on level 2 of the Dungeon)
Magical Staves
 i - an uncursed staff of summoning {!a}
   (You found it on level 2 of the Dungeon)
Jewellery
 q - a ring of fire (right hand) {rF+, rC-}
   (You found it on level 2 of the Dungeon)
 r - a ring of protection from magic (left hand) {MR+, !d}
   (You found it on level 2 of the Dungeon)
 s - a +4 amulet of reflection (around neck)
   (You found it on level 3 of the Dungeon)
Wands
 k - a wand of enslavement (16)
   (You found it on level 2 of the Dungeon)
Scrolls
 e - 2 scrolls of identify {unknown}
 f - a scroll of amnesia {unknown}
 h - 2 scrolls of remove curse
 o - a scroll of enchant armour {unknown}
 t - 3 scrolls of fog {unknown}
 v - a scroll of blinking {unknown}
 w - a scroll of fear {unknown}
Potions
 j - a potion of brilliance
 l - a potion of ambrosia {unknown}
 m - 2 potions of curing {unknown}
 u - a potion of heal wounds {unknown}
Books
 b - a book of Conjurations
Comestibles
 c - 10 rations


   Skills:
 - Level 2.4 Dodging
 - Level 2.6 Stealth
 + Level 4.2 Spellcasting
 + Level 5.4 Conjurations


You had 2 spell levels left.
You knew the following spells:

 Your Spells              Type           Power        Failure   Level  Hunger
a - Magic Dart            Conj           ####         1%          1    None
b - Searing Ray           Conj           #####.       1%          2    #......
c - Dazzling Spray        Conj/Hex       ####..       1%          3    ##.....
x - Iskenderun's Mystic   Conj           #####...     1%          4    ####...


Dungeon Overview and Level Annotations

Branches:
Dungeon (3/15)

Altars:
Elyvilon
Gozag
Hepliaklqana
Makhleb
Nemelex Xobeh
Xom


Innate Abilities, Weirdness & Mutations

You are small and have problems with some larger weapons.
You are carnivorous and can eat meat at any time.


Message History

The searing ray hits something.
You hear some strange, mumbled words.
A puff of flame appears from out of thin air!
The puff of flame misses you. Something hits you but does no damage.
You now have 2/11 mp.
The searing ray hits something.
The searing ray hits the worm.
You finish channeling your searing ray.
Something hits you.
You take 1 damage, and have 21/28 hp.
Aim: a worm (almost dead)
Okay, then.
Unknown command.
Unknown command.
You hit something but do no damage.
You feel sick. Something barely misses you. Something hits you.
You take 3 damage, and have 18/28 hp.
It was a potion of brilliance.
You feel clever all of a sudden. Something hits you but does no damage.
It was a potion of lignification.
You turn into a tree.
Your +0 robe melds into your body.
Your roots penetrate the ground.
Something hits you but does no damage. x2
You now have 27/42 hp.
You closely miss something. Something hits you but does no damage.
You barely miss something.
You feel sick.
You are no longer poisoned.
Something hits you but does no damage. x2
You take 1 damage, and have 26/42 hp.
You miss something.
You hear some strange, mumbled words.
A magic dart appears from out of thin air!
The magic dart hits you! The worm bites you but does no damage.
You hit something.
You hear some strange, mumbled words.
A puff of flame appears from out of thin air!
The puff of flame hits you! Something hits you but does no damage.
The worm bites you but does no damage.
You miss something. Something hits you but does no damage.
You closely miss something. Something hits you but does no damage.
You hear some strange, mumbled words.
A puff of frost appears from out of thin air!
The puff of frost hits you! The worm bites you but does no damage.
You barely miss something.
You hear some strange, mumbled words.
A puff of frost appears from out of thin air!
The puff of frost hits you!
You miss something. Something hits you but does no damage.
The worm bites you but does no damage. Something hits you but does no damage.
You closely miss something. Something hits you but does no damage.
The worm bites you but does no damage.
You hit something but do no damage. Something hits you but does no damage.
You barely miss something. Something hits you but does no damage.
The worm bites you but does no damage.
You hit something but do no damage. Something hits you but does no damage.
You miss something. You block the worm's attack.
You hear some strange, mumbled words.
You miss something. Something hits you but does no damage.
The worm bites you but does no damage.
You miss something. Something hits you but does no damage.
You hear some strange, mumbled words.
A magic dart appears from out of thin air!
The magic dart hits you!
You miss something. Something hits you but does no damage.
The worm bites you but does no damage.
You miss something. Something hits you. Something hits you but does no damage.
You barely miss something. Something hits you but does no damage.
The worm bites you but does no damage.
You hit something but do no damage. Something hits you but does no damage.
You hear some strange, mumbled words.
A magic dart appears from out of thin air!
The magic dart hits you! The worm barely misses you.
You closely miss something.
Your transformation is almost over.
Something hits you but does no damage.
Aim: a worm (moderately wounded)
The searing ray hits something.
Reactivating autopickup.
You feel a bit more experienced. (Press . to maintain the ray.)
The worm bites you.
You take 3 damage, and have 25/42 hp.
You now have 2/11 mp.
The searing ray hits the worm.
The searing ray hits the worm.
The worm bites you but does no damage. x2
You now have 1/11 mp.
The searing ray misses the worm.
You finish channeling your searing ray.
The worm barely misses you. The worm bites you but does no damage.
You now have 0/11 mp.
You hit the worm. You hit the worm but do no damage.
The worm barely misses you. You block the worm's attack.
You hit the worm. You barely miss the worm.
The worm bites you but does no damage. x2
You hit the worm.
You feel less wooden.
Your +0 robe unmelds from your body.
The worm bites you!
* * * LOW HITPOINT WARNING * * *
The worm barely misses you.
You now have 7/28 hp.
You barely miss the worm. You hit the worm. The worm bites you!
You die...

.........#######................
.....#........##....[............
.....##)#####+##................
.....#..........##..............
.....#.÷........ #.......#####.
.#####.......... #.........#
...#.#.......... #..#......###.
.....#..........###.............
.#.#.#..........@w).......[.####
##.#.#.........w##......{......#.
...................#..≈#.........
...#.#.............≈≈≈≈≈.........
####.#...........#≈≈≈≈≈≈≈#.#.##..
.....#............≈≈≈≈≈≈≈....##..
###..#............≈≈≈.≈≈≈........
###..#............≈≈≈≈≈≈≈.....#..
..#..#...........#≈≈≈≈≈≈≈#....# .


You could see 2 worms.

Vanquished Creatures
  An orc wizard (D:3)
  9 adders
  2 worms (Sewer)
  2 dart slugs
  An orc (D:3)
  2 giant cockroaches (D:2)
  4 hobgoblins
  A quokka (D:2)
  3 ball pythons
  A bat (D:2)
  8 goblins
  10 kobolds
  11 rats
55 creatures vanquished.

Notes
Turn   | Place    | Note
-------+----------+-------------------------------------------
     0 | D:1      | mhoghedin the Kobold Conjurer began the quest for the Orb.
     0 | D:1      | Reached XP level 1. HP: 10/10 MP: 3/3
   398 | D:1      | Reached XP level 2. HP: 15/15 MP: 0/5
   454 | D:1      | Learned a level 2 spell: Searing Ray
  1340 | D:2      | Reached XP level 3. HP: 19/19 MP: 4/7
  1390 | D:2      | Found a shimmering altar of Xom.
  1394 | D:2      | Found a hazy altar of Hepliaklqana.
  1398 | D:2      | Found a burning altar of Makhleb.
  1400 | D:2      | Found a sparkling altar of Nemelex Xobeh.
  1401 | D:2      | Found an opulent altar of Gozag.
  1403 | D:2      | Found a white marble altar of Elyvilon.
  1435 | D:2      | Reached skill level 3 in Spellcasting
  1442 | D:2      | Learned a level 3 spell: Dazzling Spray
  1640 | D:2      | Reached XP level 4. HP: 23/24 MP: 3/8
  2132 | D:3      | Reached skill level 5 in Conjurations
  2142 | D:3      | Learned a level 4 spell: Iskenderun's Mystic Blast
  2206 | D:3      | Found a glowing drain.
  2209 | D:3      | Found an opulent altar of Gozag.
  2216 | Sewer    | Entered a sewer
  2264 | Sewer    | Reached XP level 5. HP: 28/28 MP: 5/10
  2607 | Sewer    | Reached skill level 4 in Spellcasting
  2936 | D:3      | HP: 7/28 [worm (10)]
  2938 | D:3      | Slain by a worm

Vault maps used:
D:1:      ncdulo_lavacross, minmay_door_square
D:2:      minitemple
D:3:      cheibrodos_sewer_entry_drain, first_ration,
          nicolae_gozag_cash_rules_everything_around_me
Sewer:    sewer_co_15_rooms

Skill      XL: |  1  2  3  4  5 |
---------------+----------------+-----
Spellcasting   | 3 4 |  4.2
Conjurations   | 5 |  5.4
Dodging        | |  2.4
Stealth        | |  2.6

Action                   |  1- 3 |  4- 6 || total
-------------------------+-------+-------++-------
Melee: Dagger            |    16 |    32 ||    48
 Cast: Magic Dart        |    39 |    22 ||    61
       Searing Ray       |     3 |    14 ||    17
  Use: Scroll            |       |     2 ||     2
       Potion            |       |     2 ||     2
  Eat: Chunk             |     6 |     9 ||    15
Armor: Robe              |     1 |     5 ||     6
       Skin              |       |    36 ||    36
Dodge: Dodged            |    12 |    19 ||    31
Block: Other             |       |     8 ||     8
       Reflection        |       |     1 ||     1

Table legend:
 A = Spawn XP
 B = Non-spawn XP
 C = Spawn XP percentage of total XP
 D = Spawn monster count
 E = Non-spawn monster count
 F = Spawn count percentage of total count
 G = Total turns spent on level
                    A         B        C        D         E        F      G
               +---------+---------+-------+---------+---------+-------+---------
         Total |       0 |     239 |   0.0 |       0 |      55 |   0.0 |  2938
               +---------+---------+-------+---------+---------+-------+---------
           D:1 |       0 |      17 |   0.0 |       0 |      11 |   0.0 |  1046
           D:2 |       0 |      68 |   0.0 |       0 |      19 |   0.0 |   884
           D:3 |       0 |      94 |   0.0 |       0 |      12 |   0.0 |   350
         Sewer |       0 |      60 |   0.0 |       0 |      13 |   0.0 |   658
               +---------+---------+-------+---------+---------+-------+---------

Vault maps used:
D:1:      ncdulo_lavacross, minmay_door_square
D:2:      minitemple
D:3:      cheibrodos_sewer_entry_drain, first_ration,
          nicolae_gozag_cash_rules_everything_around_me
Sewer:    sewer_co_15_rooms

Table legend:
 A = Turns spent in this place as a percentage of turns spent in the entire game.
 B = Non-inter-level travel turns spent in this place as a percentage of non-inter-level travel turns spent in the entire game.
 C = Inter-level travel turns spent in this place as a percentage of turns spent in this place.
 D = Turns resting spent in this place as a percentage of non-inter-level travel turns spent in this place.
 E = Turns spent auto-exploring this place as a percentage of non-inter-level travel turns spent in this place.
 F = Non-inter-level travel turns spent in this place divided by the number of levels of this place that you've seen.
                   A       B       C       D       E      F
               +-------+-------+-------+-------+-------+----------------------
         Total | 100.0 | 100.0 |   3.2 |  28.5 |  52.1 | 710.8
       Dungeon |  77.6 |  76.9 |   4.2 |  21.2 |  61.3 | 728.3
         Sewer |  22.4 |  23.1 |   0.0 |  52.6 |  21.7 | 658.0
               +-------+-------+-------+-------+-------+----------------------

Table legend:
 A = Kills in this place as a percentage of kills in entire the game.
 B = Kills by you in this place as a percentage of kills by you in the entire game.
 C = Kills by friends in this place as a percentage of kills by friends in the entire game.
 D = Other kills in this place as a percentage of other kills in the entire game.
 E = Experience gained in this place as a percentage of experience gained in the entire game.
 F = Experience gained in this place divided by the number of levels of this place that you have seen.
                   A       B       C       D       E      F
               +-------+-------+-------+-------+-------+----------------------
         Total | 100.0 | 100.0 |   N/A |   N/A | 100.0 |  59.8
       Dungeon |  76.4 |  76.4 |   N/A |   N/A |  74.9 |  59.7
         Sewer |  23.6 |  23.6 |   N/A |   N/A |  25.1 |  60.0
               +-------+-------+-------+-------+-------+----------------------
